 Dungeon Crawl Stone Soup version 0.28.0-45-g0d030f2227 (webtiles) character file.

Game seed: 492409460440408074

228 Peloso the Covered (level 5, -1/47 HPs)
             Began as a Minotaur Fighter on Apr 15, 2022.
             Slain by an orc
             ... wielding a +0 whip
              (6 damage)
             ... on level 3 of the Dungeon.
             The game lasted 00:04:20 (3033 turns).

Peloso the Covered (Minotaur Fighter)               Turns: 3033, Time: 00:04:21

Health: -1/47      AC:  0    Str: 21    XL:     5   Next: 70%
Magic:  4/4        EV: 13    Int:  5    God:
Gold:   93         SH:  0    Dex: 11    Spells: 4/4 levels left

rFire   . . .      SeeInvis .   (weapon currently unavailable)
rCold   . . .      Faith    .   (shield currently unavailable)
rNeg    . . .      Spirit   .   (armour currently unavailable)
rPois   .          Reflect  .   (helmet currently unavailable)
rElec   .          Harm     .   (cloak currently unavailable)
rCorr   .          Rampage  .   (gloves currently unavailable)
Will    .....                   (boots currently unavailable)
Stlth   +.........              (no amulet)
HPRegen 0.15/turn               (ring currently unavailable)
MPRegen 0.09/turn               (ring currently unavailable)

@: pig-form, very quick
A: fast, no casting, small, (horns 2), (retaliatory headbutt)
a: no special abilities


You were on level 3 of the Dungeon.
You were a filthy swine.
You visited 1 branch of the dungeon, and saw 3 of its levels.

You collected 93 gold pieces.

Inventory:

Hand Weapons
 a - a +0 long sword (melded)
Armour
 b - a +0 scale mail (melded)
 c - a +0 buckler (melded)
Jewellery
 h - a ring of see invisible (melded)
 l - a ring of wizardry
Scrolls
 e - a scroll of silence {unknown}
 i - a scroll of identify
Potions
 d - a potion of might
 g - a potion of heal wounds
 k - a potion of magic
 m - a potion of curing


   Skills:
 + Level 4.6 Fighting
 + Level 5.0 Long Blades
 + Level 5.0 Armour
 + Level 0.7 Dodging
 + Level 0.1 Stealth
 + Level 4.2 Shields
 + Level 0.1 Unarmed Combat


You had 4 spell levels left.
You didn't know any spells.
Your spell library was empty.

Dungeon Overview and Level Annotations

Branches:
Dungeon (3/15)

Altars:

Annotations:
D:3 Robin


Innate Abilities, Weirdness & Mutations

You are a filthy swine.
You move quickly.
Your equipment is almost entirely melded.
You are incapable of wielding weapons or throwing items.
You cannot cast spells.
((You have a pair of horns on your head.))
((You reflexively headbutt those who attack you in melee.))


Message History

The orc priest is lightly wounded.
Robin closely misses you. The orc closely misses you.
The orc priest closely misses you.
You release spores at the orc priest!
The orc priest is almost dead.
Robin hits you from afar with a +0 spear.
The orc drinks a potion.
The orc seems to speed up.
You barely miss the orc priest.
The orc priest is almost dead.
The orc priest looks satisfied for a moment.
The orc misses you. Robin barely misses you.
You release spores at the orc priest.
You kill the orc priest!
You stop sporulating.
Your +0 long sword unmelds from your body.
Your +0 buckler unmelds from your body.
Your +0 scale mail unmelds from your body.
The orc hits you with a +0 whip. Robin closely misses you.
Your Long Blades skill increases to level 5!
Your Armour skill increases to level 5!
The orc hits you with a +0 whip.
* * * LOW HITPOINT WARNING * * *
Robin zaps a wand.
You turn into a filthy swine.
Your +0 long sword melds into your body.
Your +0 buckler melds into your body.
Your +0 scale mail melds into your body.
Your ring of see invisible melds into your body.
You closely miss Robin. The orc barely misses you.
Unknown command.
You hit Robin.
Robin is lightly wounded.
The orc closely misses you. Robin closely misses you.
You closely miss Robin.
Robin is lightly wounded.
The orc hits you with a +0 whip.
* * * LOW HITPOINT WARNING * * *
Robin hits you with a +0 spear.
* * * LOW HITPOINT WARNING * * *
The orc hits you with a +0 whip.
You die...

##########.#
###..........# ...#
#..#
#####.#######†)######
#......)..)))..).....
#.###.#######..#####.
#)).........# #.
#.#.###o######.....#
#.
#....gh).....##...##
#.
###.##.#####.###.##
#. #.# #.# ## ... #.#
##.# #.. ### ##


You could see Robin and an orc (fast).

Vanquished Creatures
  A howler monkey (D:2)
  An orc priest (D:3)
  Terence (D:2)
  5 adders
  A worm (D:2)
  4 dart slugs (D:2)
  3 orcs (D:3)
  4 endoplasms
  2 giant cockroaches
  15 goblins
  5 hobgoblins
  5 jackals (D:1)
  6 kobolds
  5 quokkas
  4 ball pythons
  5 bats
  2 frilled lizards
  8 rats
77 creatures vanquished.

Notes
Turn   | Place    | Note
-------+----------+-------------------------------------------
     0 | D:1      | Peloso the Minotaur Fighter began the quest for the Orb.
     0 | D:1      | Reached XP level 1. HP: 19/19 MP: 0/0
    53 | D:1      | Reached XP level 2. HP: 5/27 MP: 1/1
   875 | D:1      | Reached XP level 3. HP: 33/33 MP: 2/2
  1011 | D:1      | Found a faded altar of an unknown god.
  1708 | D:2      | Reached XP level 4. HP: 40/40 MP: 3/3
  1820 | D:2      | Noticed Terence
  1836 | D:2      | Killed Terence
  2294 | D:2      | Reached XP level 5. HP: 41/47 MP: 4/4
  2981 | D:3      | Noticed Robin
  3030 | D:3      | Reached skill level 5 in Long Blades
  3030 | D:3      | Reached skill level 5 in Armour
  3033 | D:3      | Slain by an orc

Illustrated notes

Levels and vault maps discovered:
D:1:      lordsloth_arrival_two_stooges, layout_basic,
          ebering_ecumenical_altar_box, minmay_misc_feat_tower,
          kennysheep_crisscross
D:2:      minmay_recursive_quarters, layout_basic, nicolae_figureground_sparkle,
          uniq_terence
D:3:      layout_loops_corners, uniq_robin

Skill      XL: |  1  2  3  4  5 |
---------------+----------------+-----
Armour         | 4 5 |  5.0
Shields        | 4 |  4.2
Fighting       | 4 |  4.6
Long Blades    | 3 4 5 |  5.0
Dodging        | |  0.7
Stealth        | |  0.1
Unarmed Combat | |  0.1

Action                   |  1- 3 |  4- 6 || total
-------------------------+-------+-------++-------
Melee: Long sword        |    98 |    61 ||   159
       Headbutt          |    13 |     9 ||    22
       Unarmed           |       |    13 ||    13
  Use: Potion            |     2 |       ||     2
       Scroll            |       |     4 ||     4
Armor: Scale mail        |    44 |    30 ||    74
       Skin              |       |     9 ||     9
Dodge: Dodged            |    39 |    68 ||   107
Block: Buckler           |    19 |     8 ||    27
